 Dungeon Crawl Stone Soup version 0.17-a0-1430-g49fde19 (webtiles) character file.

5671 Fluffy the Basher (level 10, -8/64 HPs)
             Began as a Gargoyle Fighter on June 25, 2015.
             Was an Elder of the Shining One.
             Killed by the air
             ... invoked by Zebura's ghost
              (12 damage)
             ... on level 10 of the Dungeon.
             The game lasted 00:23:28 (9339 turns).

Fluffy the Basher (Gargoyle Fighter)                Turns: 9339, Time: 00:23:28

Health: -8/64      AC: 31    Str: 25    XL:     10   Next: 75%
Magic:  15/15      EV:  6    Int:  9    God:    the Shining One [****..]
Gold:   429        SH: 11    Dex: 12    Spells: 0 memorised, 9 levels left

rFire  . . .     SeeInvis .     a - +1 flail (protect)
rCold  . . .     Clarity  +     p - +0 plate armour
rNeg   + + +     SustAt   .     c - +0 shield
rPois  ∞         Gourm    .     (no helmet)
rElec  +         Spirit   .     f - +0 cloak
rCorr  .         Warding  .     A - +1 pair of gloves
rMut   .         Stasis   .     J - +1 pair of boots
MR     .....                    D - amulet of clarity
Stlth  ..........               o - ring of positive energy
                                g - +5 ring of strength

@: glowing, not resistant to hostile enchantments, extremely unstealthy
A: negative energy resistance 1, electricity resistance, unbreathing,
petrification resistance, rot immunity, AC +7
a: Divine Shield, Cleansing Flame, Renounce Religion


You were on level 10 of the Dungeon.
You worshipped the Shining One.
The Shining One was greatly pleased with you.
You were not hungry.

You visited 2 branches of the dungeon, and saw 11 of its levels.

You collected 429 gold pieces.

Inventory:

Hand weapons
 a - a +1 flail of protection (weapon)
Armour
 c - a +0 shield (worn)
 f - a +0 cloak (worn)
 p - a +0 plate armour (worn)
 A - a +1 pair of gloves (worn)
 J - a +1 pair of boots (worn)
Jewellery
 g - a +5 ring of strength (left hand)
 o - a ring of positive energy (right hand)
 D - an amulet of clarity (around neck)
 F - an uncursed ring of fire
Magical devices
 b - a wand of fireball (12)
 h - a wand of slowing (23)
 s - a wand of teleportation (5)
 w - a wand of slowing (21)
 C - a wand of cold (11)
Scrolls
 i - 8 scrolls of remove curse
 v - 2 scrolls of teleportation
 y - 2 scrolls of blinking
 H - a scroll of brand weapon
Potions
 d - 2 potions of might
 j - a potion of heal wounds
 l - 2 potions of curing
 n - a potion of magic
 q - a potion of lignification
 r - a potion of cancellation
 u - 2 potions of ambrosia {unknown}
 z - 2 potions of berserk rage {unknown}
 B - 2 potions of agility {unknown}
 E - a potion of resistance {unknown}
 G - a potion of brilliance {unknown}
Comestibles
 e - 6 bread rations
 k - 3 fruits
 m - 5 meat rations
 t - 3 beef jerkies
 x - 2 slices of pizza


   Skills:
 + Level 8.2 Fighting
 + Level 8.9 Maces & Flails
 + Level 7.6 Armour
 + Level 8.1 Shields
 + Level 7.0 Invocations


You had 9 spell levels left.
You didn't know any spells.

Dungeon Overview and Level Annotations

Branches:
Dungeon (10/15)            Temple (1/1) D:4            Lair (0/8) D:8
    Orc: D:9-12

Altars:
Ashenzari
Cheibriados
Dithmenos
Elyvilon
Fedhas
Gozag
Kikubaaqudgha
Makhleb
Nemelex Xobeh
Okawaru
Qazlal
Ru
Sif Muna
Trog
Vehumet
Xom
Yredelemnul
Zin
The Shining One

Annotations:
D:8 exclusion: 2 oklob saplings
D:10 Zebura's ghost, experienced VSCj


Innate Abilities, Weirdness & Mutations

You are resistant to torment.
Your stone body is resilient (AC +7).
You are immune to poison.
You resist negative energy.
You are resistant to electric shocks.
You can survive without breathing.
You are immune to petrification.
You are immune to rotting.


Message History

Zebura's ghost points at you and mumbles some strange words.
The orb of energy hits you!
The orb of energy explodes!
Zebura's ghost barely misses you.
You hear a shout!
You hit Zebura's ghost but do no damage.
Zebura's ghost is heavily damaged.
You block Zebura's ghost's attack.
You hit Zebura's ghost but do no damage.
Zebura's ghost is heavily damaged.
Zebura's ghost casts a spell at you. The orb of energy hits you!
* * * LOW HITPOINT WARNING * * *
The orb of energy explodes!
You hear a shout!
Zebura's ghost waves its arms in wide circles.
The air twists around and strikes you!
* * * LOW HITPOINT WARNING * * *
Zebura's ghost waves its arms in wide circles.
The air twists around and strikes you!
You die...

### #.# #.. ... #.# #.#
#.# #.# #.# #.# #.# #.#
.#####<###.#
...........##########.#
.#####..........@..W..#
#.###.#########.## #.#
#.# # #.# #.# .### #.#
#.# ... ..# #.# ..# ###
#.# ..# #.. .. ..# #.#


You could see Zebura's ghost.

Vanquished Creatures
  Pikel (D:7)
  A hill giant (D:9)
  A centaur zombie (D:10)
  A troll (D:9)
  A deep elf fighter (D:8)
  2 hippogriffs
  A black bear (D:9)
  4 orc warriors
  An ice beast (D:8)
  A sky beast (D:8)
  A phantom (D:7)
  4 centaurs
  4 crocodiles (D:8)
  3 ogres
  5 giant frogs
  A big kobold (D:9)
  5 scorpions
  6 killer bees (D:8)
  3 crimson imps
  A giant frog zombie (D:7)
  A wasp zombie (D:10)
  3 hounds
  A gnoll shaman (D:7)
  Crazy Yiuf (D:3)
  A giant frog skeleton (D:9)
  5 orc priests
  A jelly (D:9)
  An iron imp (D:5)
  2 iguanas (D:9)
  5 worker ants
  4 orc wizards
  A killer bee zombie (D:7)
  5 gnolls
  15 adders
  4 river rats (D:8)
  3 shadow imps
  An ooze (D:1)
  2 adder skeletons
  4 worms
  8 giant geckos
  27 orcs
  10 ball pythons
  A bat skeleton (D:4)
  8 giant cockroaches
  11 goblins
  15 hobgoblins
  10 jackals
  25 bats
  A giant gecko zombie (D:5)
  5 giant newts
  2 goblin zombies (D:5)
  20 kobolds
  3 kobold skeletons (D:5)
  2 kobold zombies (D:5)
  2 orc skeletons (D:5)
  5 quokkas
  49 rats
311 creatures vanquished.

Vanquished Creatures (others)
  A hound (D:7)
  A worker ant (D:7)
  An adder (D:7)
3 creatures vanquished.

Grand Total: 314 creatures vanquished

Notes
Turn   | Place    | Note
--------------------------------------------------------------
     0 | D:1      | Fluffy the Gargoyle Fighter began the quest for the Orb.
     0 | D:1      | Reached XP level 1. HP: 14/14 MP: 1/1
    53 | D:1      | Reached XP level 2. HP: 19/19 MP: 2/2
   266 | D:1      | Reached XP level 3. HP: 23/23 MP: 3/3
   758 | D:2      | Reached skill level 4 in Maces & Flails
   968 | D:2      | Reached XP level 4. HP: 28/28 MP: 4/4
  1786 | D:3      | Found a shattered altar of Ashenzari.
  1923 | D:3      | Reached skill level 5 in Maces & Flails
  1927 | D:3      | Reached XP level 5. HP: 32/32 MP: 5/5
  2198 | D:3      | Noticed Crazy Yiuf
  2205 | D:3      | Killed Crazy Yiuf
  2560 | D:4      | Found a staircase to the Ecumenical Temple.
  2575 | Temple   | Entered the Ecumenical Temple
  2653 | Temple   | Became a worshipper of the Shining One
  2761 | D:4      | Reached XP level 6. HP: 35/37 MP: 6/6
  2780 | D:4      | Reached skill level 6 in Maces & Flails
  2816 | D:4      | Found a snail-covered altar of Cheibriados.
  3202 | D:5      | Entered Level 5 of the Dungeon
  3296 | D:5      | Found a glowing golden altar of the Shining One.
  3303 | D:5      | Acquired the Shining One's first power
  3424 | D:5      | Reached skill level 1 in Invocations
  3730 | D:5      | Reached XP level 7. HP: 42/42 MP: 8/8
  4452 | D:6      | Found a white marble altar of Elyvilon.
  4487 | D:6      | Acquired the Shining One's second power
  4799 | D:6      | Found a deep blue altar of Sif Muna.
  4858 | D:6      | Found an iron altar of Okawaru.
  5204 | D:7      | Noticed a hippogriff
  5213 | D:7      | Killed a hippogriff
  5261 | D:7      | Noticed Pikel
  5276 | D:7      | Killed Pikel
  5276 | D:7      | Reached skill level 5 in Fighting
  5276 | D:7      | Reached skill level 5 in Armour
  5276 | D:7      | Reached skill level 5 in Shields
  5276 | D:7      | Reached XP level 8. HP: 45/49 MP: 10/10
  5464 | D:7      | Reached skill level 7 in Maces & Flails
  5977 | D:7      | Found a radiant altar of Vehumet.
  5981 | D:7      | Found a deep blue altar of Sif Muna.
  5984 | D:7      | Found a shadowy altar of Dithmenos.
  6096 | D:7      | Reached XP level 9. HP: 55/55 MP: 12/12
  6612 | D:8      | Found a blossoming altar of Fedhas.
  6714 | D:8      | Reached skill level 5 in Invocations
  7243 | D:8      | Reached skill level 8 in Maces & Flails
  7513 | D:8      | Found a staircase to the Lair.
  7525 | D:8      | Reached XP level 10. HP: 63/63 MP: 14/14
  8275 | D:9      | Noticed a hill giant
  8301 | D:9      | Killed a hill giant
  8849 | D:10     | Entered Level 10 of the Dungeon
  8994 | D:10     | Noticed a hill giant
  9117 | D:9      | Acquired the Shining One's third power
  9324 | D:10     | Noticed Zebura's ghost (experienced VSCj)
  9338 | D:10     | HP: 3/64 [Zebura's ghost/the air (5)]
  9339 | D:10     | Killed from afar by Zebura's ghost

Vault maps used:
D:1:      eino_arrival_cavern_b
D:3:      evilmike_ruin_ashenzari, minmay_rat_hole, uniq_crazy_yiuf_cottage
D:4:      kennysheep_mini_moat, minmay_temple_entry_statues
D:5:      first_bread, nicolae_tso_besieged_by_evil
D:6:      elyvilon_altar_4, overflow_temple_1_default, tgw_sif
D:7:      minmay_overflow_temple_star_quad, uniq_pikel
D:8:      grunt_lair_entry_elf_guard_hut, introduction_to_nature_1
D:10:     david_orc_5, enter_trove_0, grunt_livestock,
          minmay_misc_feat_nine_boxes
Temple:   nicolae_temple_x_marks_the_god

Action                   |  1- 3 |  4- 6 |  7- 9 | 10-12 || total
-------------------------+-------+-------+-------+-------++-------
Melee: Flail             |   135 |   316 |   376 |   242 ||  1069
Evoke: Wand              |       |       |       |     1 ||     1
  Use: Scroll            |       |     8 |    10 |     3 ||    21
       Potion            |       |       |     1 |       ||     1
  Eat: Chunk             |       |    10 |    13 |     6 ||    29
